 Dungeon Crawl Stone Soup version 0.29.1-2-gbd0b4ee654 (webtiles) character file.

Game seed: 332460674736404330

603 Stormpiercer the Cudgeller (level 7, -1/67 HPs)
             Began as a Troll Fighter on Oct 31, 2022.
             Succumbed to their own poison gas
             ... on level 6 of the Dungeon.
             The game lasted 00:22:47 (2457 turns).

Stormpiercer the Cudgeller (Troll Fighter)          Turns: 2457, Time: 00:22:47

Health: -1/67      AC:  4    Str: 27    XL:     7   Next: 18%
Magic:  6/6        EV:  9    Int:  4    God:
Gold:   266        SH:  7    Dex:  9    Spells: 6/6 levels left

rFire   . . .      SeeInvis .   h - +4 whip (protect)
rCold   . . .      Faith    .   c - +0 kite shield
rNeg    + . .      Spirit   .   b - +0 robe
rPois   .          Reflect  .   (helmet restricted)
rElec   .          Harm     .   (no cloak)
rCorr   .          Rampage  .   (gloves unavailable)
Will    .....                   (boots unavailable)
Stlth   +.........              e - amulet of regeneration
HPRegen 1.81/turn               p - ring of positive energy
MPRegen 0.10/turn               (no ring)

@: lethally poisoned (-1 -> -36)
A: large, unfitting armour, claws 3, regeneration 1, shaggy fur 1, tough skin 1
a: no special abilities


You were on level 6 of the Dungeon.
You visited 1 branch of the dungeon, and saw 6 of its levels.

You collected 266 gold pieces.

Inventory:

Hand Weapons
 a - a +0 flail
 d - a +5 dire flail of protection
 h - a +4 whip of protection (weapon)
 j - a +0 dagger of electrocution
 r - a +1 short sword of protection
Armour
 b - a +0 robe (worn)
 c - a +0 kite shield (worn)
Magical Staves
 i - a staff of poison
Jewellery
 e - an amulet of regeneration (around neck)
 p - a ring of positive energy (left claw)
Wands
 s - a wand of paralysis (15)
Scrolls
 m - 3 scrolls of teleportation
 o - a scroll of immolation
Potions
 f - 3 potions of brilliance {unknown}
 g - a potion of berserk rage {unknown}
 k - a potion of flight
 l - 2 potions of curing
 n - 2 potions of attraction
 q - a potion of invisibility


   Skills:
 + Level 3.5 Fighting
 + Level 4.7 Maces & Flails
 + Level 4.0 Dodging
 + Level 0.3 Stealth
 + Level 3.9 Shields


You had 6 spell levels left.
You didn't know any spells.
Your spell library contained the following spells:

 Spells                   Type           Power      Damage    Failure   Level
 Slow                     Hex            0%         N/A       78%         1
 Confusing Touch          Hex            0%         N/A       98%         3
 Conjure Flame            Conj/Fire      0%         6-21      98%         3
 Ignite Poison            Fire/Tmut/Pois 0%         N/A       98%         3
 Mephitic Cloud           Conj/Pois/Air  0%         N/A       98%         3
 Vampiric Draining        Necr           0%         2d6       98%         3
 Sticky Flame             Conj/Fire      0%         2d3       100%        4
 Freezing Cloud           Conj/Ice/Air   0%         6-21      100%        5


Dungeon Overview and Level Annotations

Branches:
Dungeon (6/15)
 Temple: D:4-7

Altars:


Innate Abilities, Weirdness & Mutations

You are too large for most types of armour.
You have claws for hands.
Your natural rate of healing is unusually fast.
You are covered in fur. (AC +1)
You have tough skin. (AC +1)


Message History

You hit the jelly.
Your weapon exudes an aura of protection.
Your claws burn!
The jelly is moderately wounded.
You block the jelly's attack.
You whack the jelly!
You kill the jelly!
Your Dodging skill increases to level 4!
You now have 266 gold pieces (gained 15).
A kobold comes into view. It is wielding a +0 dagger.
Found a stone staircase leading up and a stone staircase leading down.
The kobold shouts!
You hear a shout!
The kobold throws a stone.
The stone completely misses you.
You hear a shout!
Found 2 smoky brown potions and 7 stones.
The kobold throws a stone.
The stone hits you but does no damage.
You see here a scroll labelled CID NOAMAZUKK.
The air fills with toxic fumes!
As you read the scroll labelled CID NOAMAZUKK, it crumbles to dust.
It was a scroll of poison.
Really walk into that cloud of poison gas?
You are engulfed in poison gas.
You are poisoned.
You feel very sick.
The kobold throws a stone.
The stone closely misses you.
You are engulfed in poison gas.
You are more poisoned.
You feel very sick.
You are engulfed in poison gas.
You are more poisoned.
You feel extremely sick.
You are engulfed in poison gas.
You are more poisoned.
You feel extremely sick.
You are engulfed in poison gas.
You are more poisoned.
* * * LOW HITPOINT WARNING * * *
x2 You feel extremely sick.
You are engulfed in poison gas.
You are more poisoned.
* * * LOW HITPOINT WARNING * * *
You die...

~P~.~♣ P~~.P♣~ ~~~.~~♣
♣♣♣♣ ~~~.≈~♣ ~~~
♣♣..♣♣~≈~.~P♣ .
.♣~~♣♣♣♣....♣~~~.~~♣
....~P~.......<♣ ~♣
.....~§§§§☼§☼§§♣ .P♣
......☼§§§§§§§@♣ P.~♣
♣.....#☼§§§§☼§♣~~~.~♣
♣♣~...#☼§☼§§§§♣~~~.~~~
~P~...§§§§§§§§☼~~~.~~~
......§§§☼§§§☼§P~~.~~~
.$[.:.☼§§§§§§§♣~PP.~~~
♣..##.☼§§§.#...P~~.~~~
~.....☼§§☼☼.#...♣P.~~~
# .##.§#§§..#...[~.P~


There were no monsters in sight!

Vanquished Creatures
  Edmund (D:4)
  A black bear (D:4)
  An ogre (D:4)
  A phantom (D:4)
  A hound (D:4)
  A jelly (D:6)
  An iguana (D:4)
  6 adders
  An ufetubus (D:4)
  A worm (D:4)
  7 dart slugs (D:5)
  5 orcs
  9 ball pythons
  4 bats
  10 endoplasms
  2 giant cockroaches
  4 goblins
  8 hobgoblins
  7 kobolds
  3 quokkas
  3 frilled lizards
  5 rats
82 creatures vanquished.

Vanquished Creatures (others)
  4 plants
4 creatures vanquished.

Grand Total: 86 creatures vanquished

Notes
Turn   | Place    | Note
-------+----------+-------------------------------------------
     0 | D:1      | Stormpiercer the Troll Fighter began the quest for the Orb.
     0 | D:1      | Reached XP level 1. HP: 22/22 MP: 0/0
    88 | D:1      | Reached XP level 2. HP: 29/29 MP: 1/1
   418 | D:2      | Reached XP level 3. HP: 34/36 MP: 2/2
   970 | D:3      | Reached XP level 4. HP: 42/44 MP: 3/3
  1442 | D:4      | Noticed a black bear
  1450 | D:4      | Killed a black bear
  1451 | D:4      | Reached XP level 5. HP: 32/53 MP: 4/4
  1607 | D:4      | Noticed an ogre
  1615 | D:4      | Killed an ogre
  1616 | D:4      | Reached XP level 6. HP: 42/61 MP: 5/5
  1762 | D:4      | Noticed Edmund
  1774 | D:4      | Killed Edmund
  1775 | D:4      | Reached XP level 7. HP: 67/67 MP: 6/6
  2275 | D:5      | Entered Level 5 of the Dungeon
  2457 | D:6      | Succumbed to their own poison gas

Illustrated notes

Levels and vault maps discovered:
D:1:      roderic_octagonal_star, layout_basic
D:2:      layout_loops_ring, minmay_misc_feat_rows, minmay_fractal_squares_5,
          uniq_jessica
D:3:      layout_rooms, grunt_temple_overflow_lords_of_destruction,
          serial_forest, infiniplex_forest_straight_5,
          infiniplex_forest_clump_small, infiniplex_forest_lined_3_way,
          infiniplex_forest_clump_diagonal, infiniplex_forest_clump_tiny,
          infiniplex_forest_lined_corner, infiniplex_forest_clump_double,
          infiniplex_forest_end_3, ebering_ecumenical_altar_sacrificial,
          grunt_ministairs_7
D:4:      layout_basic, gup_sewer_entry_pipe, chequers_garden, uniq_edmund
D:5:      kennysheep_slugbush, layout_loops_ring, trog_wizard,
          nicolae_sif_muna_condensation, uniq_prince_ribbit1, uniq_grinder
D:6:      layout_cave_pools, tso_oasis_becter, zin_treasury,
          jmf_multi_god_temple2, minmay_temple_entry_grid, serial_bayou,
          serial_bayou_shore_b, serial_bayou_ford_a, serial_bayou_lagoon_b,
          serial_bayou_pond_b

Skill      XL: |  1  2  3  4  5  6  7 |
---------------+----------------------+-----
Maces & Flails | 2 3 4 |  4.7
Shields        | 3 |  3.9
Fighting       | 3 |  3.5
Dodging        | 3 4 |  4.0
Stealth        | |  0.3

Action                   |  1- 3 |  4- 6 |  7- 9 || total
-------------------------+-------+-------+-------++-------
Melee: Flail             |    75 |       |       ||    75
       Whip              |    60 |   116 |    35 ||   211
  Use: Scroll            |     3 |     7 |     1 ||    11
       Potion            |     1 |     2 |       ||     3
 Stab: Sleeping          |     1 |       |       ||     1
Armor: Robe              |    62 |    38 |     9 ||   109
Dodge: Dodged            |    52 |    37 |    14 ||   103
Block: Kite shield       |    53 |    54 |    14 ||   121
